 Dungeon Crawl Stone Soup version 0.25-a0-737-g26c3a87c45 (webtiles) character file.

Game seed: 7645949509345036914, levelgen mode: classic

365 Amnesiac the Gusty (level 6, 0/45 HPs)
             Began as a Demigod Air Elementalist on Apr 12, 2020.
             Succumbed to Crazy Yiuf's poison
             ... on level 2 of the Dungeon.
             The game lasted 00:05:35 (2850 turns).

Amnesiac the Gusty (Demigod Air Elementalist)       Turns: 2850, Time: 00:05:36

Health: 0/45       AC:  4    Str: 11    XL:     6   Next: 16%
Magic:  2/13       EV: 12    Int: 23    God:
Gold:   80         SH:  5    Dex: 16    Spells: 4/11 levels left

rFire    . . .     SeeInvis .   (no weapon)
rCold    . . .     Gourm    .   e - +0 buckler
rNeg     . . .     Faith    .   a - +0 robe
rPois    .         Spirit   .   (no helmet)
rElec    .         Reflect  .   k - +1 cloak
rCorr    .         Harm     .   (no gloves)
MR       .....                  (no boots)
Stlth    +++.......             (no amulet)
HPRegen  0.15/turn              b - ring of stealth
MPRegen  0.13/turn              (no ring)

@: brilliant, lethally poisoned (0 -> -7), very slightly contaminated
A: high mp 1
a: no special abilities


You were on level 2 of the Dungeon.
You were very hungry.

You visited 1 branch of the dungeon, and saw 3 of its levels.

You collected 80 gold pieces.

Inventory:

Missiles
 h - 22 poisoned darts (quivered)
Armour
 a - a +0 robe (worn)
 e - a +0 buckler (worn)
 k - a +1 cloak (worn)
Jewellery
 b - a ring of stealth (left hand)
Scrolls
 i - a scroll of magic mapping {!r, unknown}
 l - a scroll of immolation {!r, unknown}
Potions
 f - a potion of might {!q, unknown}
 g - a potion of heal wounds {!q, unknown}
 j - a potion of ambrosia {!q, unknown}
Comestibles
 c - 7 rations


   Skills:
 - Level 1.7 Dodging
 - Level 2.0 Stealth
 + Level 2.5 Shields
 + Level 3.2 Spellcasting
 - Level 0.8 Conjurations
 * Level 5.0 Air Magic


You had 4 spell levels left.
You knew the following spells:

 Your Spells              Type           Power        Failure   Level  Hunger
a - Shock                 Conj/Air       ####         4%          1    None
e - Airstrike             Air            #####.....   17%         4    None
z - Swiftness             Chrm/Air       ###.....     7%          2    None

Your spell library contained the following spells:

 Spells                   Type           Power        Failure   Level  Hunger
 Static Discharge         Conj/Air       ####....     12%         3    None
 Lightning Bolt           Conj/Air       ####......   73%         5    None


Dungeon Overview and Level Annotations

Branches:
Dungeon (3/15)

Annotations:
D:3 1 transporter, Rotter5's ghost, amateur DrIE


Innate Abilities, Weirdness & Mutations

You have an increased reservoir of magic. (+10% MP)


Message History

Crazy Yiuf cries, "Citrus Hive pizzabubble!"
HP restored.
You start resting.
Crazy Yiuf grits, "Seed!
Shower bush water."
Magic restored.
You start resting.
Crazy Yiuf laughs, "Tosser horse foot!"
Crazy Yiuf grits, "Key aubergine testudinal!"
Crazy Yiuf yells, "Goober!
Fire toodlewoodle ragdoll."
Crazy Yiuf whimpers, "Fire mumblescurry poople!"
Magic restored.
Crazy Yiuf flaps his cloak.
You open the door. You block Crazy Yiuf's attack.
Casting: Shock (safe; 4% risk of failure)
Confirm with . or Enter, or press ? or * to list all spells.
Aiming: Airstrike (slightly dangerous; 17% risk of failure)
Press: ? - help, Dir - move target cursor, f - Crazy Yiuf
Aim: Crazy Yiuf, wielding a +3 quarterstaff of chaos and wearing a +2 cloak of magic resistance You miscast Airstrike.
You are very lightly contaminated with residual magic.
The wind howls around you!
Casting: Airstrike (slightly dangerous; 17% risk of failure)
Confirm with . or Enter, or press ? or * to list all spells.
Aiming: Airstrike (slightly dangerous; 17% risk of failure)
Press: ? - help, Dir - move target cursor, f/p - Crazy Yiuf
Aim: Crazy Yiuf, wielding a +3 quarterstaff of chaos and wearing a +2 cloak of magic resistance The air twists around and strikes Crazy Yiuf!
Crazy Yiuf is severely wounded.
Crazy Yiuf hits you with a +3 quarterstaff of chaos!
You are confused.
You're too confused to cast spells.
You bump into the rock wall.
Crazy Yiuf closely misses you.
You bump into the rock wall.
Crazy Yiuf hits you with a +3 quarterstaff of chaos!
You are electrocuted!
* * * LOW HITPOINT WARNING * * *
Unknown command.
Unknown command.
You bump into the rock wall.
Crazy Yiuf hits you with a +3 quarterstaff of chaos.
* * * LOW HITPOINT WARNING * * *
Crazy Yiuf burns you.
* * * LOW HITPOINT WARNING * * *
You bump into the rock wall.
Crazy Yiuf misses you.
Unknown command.
Really quaff
d - an inky potion {!q}? [Y]es or [N]o only, please.
Really quaff
d - an inky potion {!q}?
It was a potion of brilliance {!q}.
You feel clever all of a sudden.
You feel less confused.
Crazy Yiuf hits you with a +3 quarterstaff of chaos!
* * * LOW HITPOINT WARNING * * *
You are lethally poisoned!
Unknown command.
Okay, then.
Casting: Airstrike (slightly dangerous; 17% risk of failure)
Confirm with . or Enter, or press ? or * to list all spells.
Aiming: Airstrike (slightly dangerous; 17% risk of failure)
Press: ? - help, Dir - move target cursor, f/p - Crazy Yiuf
Aim: Crazy Yiuf, wielding a +3 quarterstaff of chaos and wearing a +2 cloak of magic resistance (severely wounded)
You feel a surge of power!
The air twists around and strikes Crazy Yiuf!
You kill Crazy Yiuf!
You die...

#.....##............#
##.#
....................#
#(#
#..####..############
#.# ..[# #.## #.##
..## #.# #..# ..#
#.##### ### ##.# ..#
#.....## ###..)#
##.###### .##
#....P.####)'...#
#.>...... .#
##......#.@##...#
#........ >#
##..P.#.### ###
#........ .# ########
#........ .#
#........ .#
######### .# .# ##


There were no monsters in sight!

Vanquished Creatures
  Sigmund (D:2)
  A howler monkey (D:2)
  A hound (D:2)
  Crazy Yiuf (D:2)
  A worker ant (D:2)
  3 adders (D:2)
  4 leopard geckos
  3 orcs (D:3)
  8 bats
  2 giant cockroaches (D:1)
  7 goblins
  7 hobgoblins (D:1)
  A quokka (D:2)
  2 frilled lizards (D:1)
  8 kobolds
  5 rats
55 creatures vanquished.

Notes
Turn   | Place    | Note
-------+----------+-------------------------------------------
     0 | D:1      | Amnesiac the Demigod Air Elementalist began the quest for
                  | the Orb.
     0 | D:1      | Reached XP level 1. HP: 14/14 MP: 5/5
   180 | D:1      | Reached skill level 3 in Air Magic
   297 | D:1      | Reached XP level 2. HP: 20/20 MP: 4/7
   896 | D:1      | Reached XP level 3. HP: 26/26 MP: 3/8
  1360 | D:2      | Noticed Sigmund
  1591 | D:2      | Reached skill level 1 in Shields
  1806 | D:3      | Noticed an ogre
  1807 | D:3      | Noticed Rotter5's ghost (amateur DrIE)
  1807 | D:3      | Noticed an ogre
  1808 | D:3      | Found a transporter.
  1809 | D:3      | Noticed an ogre
  1989 | D:2      | Killed Sigmund
  1989 | D:2      | Reached skill level 4 in Air Magic
  1989 | D:2      | Reached XP level 4. HP: 12/33 MP: 1/11
  1989 | D:2      | Reached XP level 5. HP: 14/38 MP: 1/12
  2038 | D:2      | Learned a level 4 spell: Airstrike
  2041 | D:2      | Learned a level 2 spell: Swiftness
  2400 | D:2      | Found a burning altar of Makhleb.
  2628 | D:2      | Found a runed translucent door.
  2629 | D:2      | Noticed Crazy Yiuf
  2745 | D:2      | Reached skill level 5 in Air Magic
  2745 | D:2      | Reached XP level 6. HP: 34/45 MP: 0/13
  2849 | D:2      | HP: 1/45 [Crazy Yiuf/+3 quarterstaff of chaos (9)]
  2850 | D:2      | Killed Crazy Yiuf
  2850 | D:2      | Succumbed to Crazy Yiuf's poison

Levels and vault maps discovered:
D:1:      sevenhm_arrival_forest_fort_large_4, layout_loops_ring,
          serial_co_window_serial, co_window_paths_a, co_window_paths_a,
          co_window_cross_1, co_window_of_opportunity_a, co_window_paths_b,
          co_window_paths_b, co_window_corner_a, co_window_broadway_c,
          co_window_broadway_b, co_window_paths_c, co_window_broadway_a
D:2:      layout_rooms, makhleb_blood_cavern_becter, first_ration,
          uniq_crazy_yiuf_cottage, uniq_sigmund
D:3:      cheibrodos_old_hovel, layout_rooms, gammafunk_temple_overflow_pools,
          gammafunk_ghost_smash

Skill      XL: |  1  2  3  4  5 |
---------------+----------------+-----
Stealth        | 2 |  2.0
Air Magic      | 3 4 5 |  5.0
Spellcasting   | 2 3 |  3.2
Shields        | 2 |  2.5
Dodging        | |  1.7
Conjurations   | |  0.8

Action                   |  1- 3 |  4- 6 || total
-------------------------+-------+-------++-------
Melee: Unarmed           |     2 |    14 ||    16
 Cast: Shock             |    77 |    20 ||    97
       Airstrike         |       |     8 ||     8
  Use: Potion            |       |     1 ||     1
  Eat: Chunk             |     3 |     4 ||     7
Armor: Robe              |    13 |     6 ||    19
Dodge: Dodged            |    36 |    10 ||    46
Block: Buckler           |       |     6 ||     6

Table legend:
 A = Non-vault XP
 B = Vault XP
 C = Vault XP percentage of total XP
 D = Non-vault monster count
 E = Vault monster count
 F = Vault count percentage of total count
                 A         B        C        D         E       F
            +---------+---------+-------+---------+---------+-------
      Total |     214 |     308 |  59.0 |      52 |       3 |   5.5
            +---------+---------+-------+---------+---------+-------
        D:1 |      59 |       0 |   0.0 |      33 |       0 |   0.0
        D:2 |     145 |     308 |  68.0 |      15 |       3 |  16.7
        D:3 |      10 |       0 |   0.0 |       4 |       0 |   0.0
            +---------+---------+-------+---------+---------+-------
